 Dungeon Crawl Stone Soup version 0.24.0-123-gd5b16e6ec5 (webtiles) character file.

Game seed: 10616090511569148980, levelgen mode: deterministic

1819 FluffierThanThou the Cleaver (level 9, 0/80 HPs)
             Began as a Hill Orc Fighter on Jan 17, 2020.
             Was a Follower of Okawaru.
             Slain by a centaur (5 damage)
             ... on level 7 of the Dungeon.
             The game lasted 00:08:27 (4356 turns).

FluffierThanThou the Cleaver (Hill Orc Fighter)     Turns: 4356, Time: 00:08:27

Health: 0/80       AC: 14    Str: 22    XL:     9   Next: 10%
Magic:  0/9        EV:  8    Int:  8    God:    Okawaru [*.....]
Gold:   314        SH: 10    Dex: 10    Spells: 8/8 levels left

rFire    . . .     SeeInvis .   a - +0 war axe
rCold    . . .     Gourm    .   c - +0 shield
rNeg     . . .     Faith    .   b - +0 scale mail
rPois    .         Spirit   +   E - +2 hat
rElec    .         Reflect  .   g - scarf {Spirit}
rCorr    .         Harm     +   r - +0 pair of gloves
MR       .....                  i - +2 pair of boots
Stlth    ..........             y - amulet of harm
HPRegen  0.23/turn              (no ring)
MPRegen  0.11/turn              (no ring)

@: no status effects
A: no striking features
a: Heroism, Renounce Religion


You were on level 7 of the Dungeon.
You worshipped Okawaru.
Okawaru was aware of your devotion.
You were not hungry.

You visited 2 branches of the dungeon, and saw 8 of its levels.

You collected 314 gold pieces.

Inventory:

Hand Weapons
 a - a +0 war axe (weapon)
Armour
 b - a +0 scale mail (worn)
 c - a +0 shield (worn)
 g - a scarf of spirit shield (worn)
   (You found it on level 1 of the Dungeon)
 i - a +2 pair of boots (worn)
   (You found it on level 1 of the Dungeon)
 r - a +0 pair of gloves (worn)
   (You found it on level 2 of the Dungeon)
 E - a +2 hat (worn)
   (You found it on level 6 of the Dungeon)
Jewellery
 x - an uncursed ring of flight
   (You took it off a kobold on level 5 of the Dungeon)
 y - an amulet of harm (around neck)
   (You found it on level 3 of the Dungeon)
 A - an uncursed amulet of magic regeneration {unknown}
   (You found it on level 4 of the Dungeon)
Scrolls
 f - 5 scrolls of identify {unknown}
 l - a scroll of fog {unknown}
 n - a scroll of fear {unknown}
 o - 4 scrolls of teleportation {unknown}
 q - a scroll of enchant weapon {unknown}
 t - a scroll of amnesia {unknown}
 v - 2 scrolls of enchant armour {unknown}
 B - 2 scrolls of remove curse {unknown}
 D - 2 scrolls of noise {unknown}
Potions
 d - a potion of might
 h - 2 potions of degeneration {unknown}
 j - a potion of heal wounds {unknown}
 k - 2 potions of curing {unknown}
 m - a potion of ambrosia {unknown}
 p - a potion of agility {unknown}
 s - 2 potions of haste {unknown}
 u - 2 potions of lignification {unknown}
 w - 2 potions of brilliance {unknown}
 z - a potion of flight {unknown}
Comestibles
 e - 8 rations {!d}
 C - 3 chunks of flesh


   Skills:
 + Level 7.7 Fighting
 + Level 8.0 Axes
 + Level 7.1 Armour
 + Level 7.1 Shields


You had 8 spell levels left.
You didn't know any spells.
Your spell library was empty.

Dungeon Overview and Level Annotations

Branches:
Dungeon (6/15)             Temple (1/1) D:5

Altars:
Ashenzari
Cheibriados
Dithmenos
Elyvilon
Fedhas
Gozag
Hepliaklqana
Kikubaaqudgha
Makhleb
Nemelex Xobeh
Okawaru
Qazlal
Ru
Sif Muna
Trog
Uskayaw
Vehumet
Wu Jian
Xom
Yredelemnul
Zin
The Shining One

Annotations:
D:3 3 runed translucent doors, NeAGen181's ghost, amateur DDNe; Winsalot's ghost, amateur OgTm


Message History

The ogre hits you with a +0 giant club. The necrophage completely misses you.
The centaur closely misses you. The gnoll barely misses you.
The phantom blinks!
You slash the necrophage!
You destroy the necrophage!
Okawaru accepts your kill.
Your Armour skill increases to level 7!
Your Shields skill increases to level 7!
You hit the ogre. You hit the centaur. You block the centaur's attack.
You block the ogre's attack.
You hit the ogre. You closely miss the centaur. The centaur barely misses you.
The gnoll misses you. The centaur hits you! You block the ogre's attack.
You barely miss the ogre. You hit the centaur.
The centaur hits you but does no damage.
The gnoll hits you but does no damage. The centaur hits you.
The ogre hits you with a +0 giant club!
* * * LOW HITPOINT WARNING * * *
You hit the ogre.
Your shield prevents you from hitting the centaur.
The centaur hits you.
* * * LOW HITPOINT WARNING * * *
The gnoll barely misses you.
The centaur hits you but does no damage.
You block the ogre's attack.
You hit the ogre. You closely miss the centaur. You barely miss the phantom.
The centaur barely misses you. You block the gnoll's attack.
The phantom completely misses you.
The centaur hits you but does no damage.
The ogre hits you with a +0 giant club!
* * * LOW HITPOINT WARNING * * *
You hit the ogre but do no damage. You hit the centaur. You slash the phantom!
You block the gnoll's attack. You block the phantom's attack.
The centaur hits you but does no damage.
You hit the ogre.
You kill the ogre!
Okawaru accepts your kill.
Your Axes skill increases to level 8!
You hit the centaur. You closely miss the phantom.
The centaur barely misses you.
The phantom blinks!
You block the gnoll's attack. The centaur hits you.
* * * LOW HITPOINT WARNING * * *
You completely miss the centaur. The centaur hits you.
* * * LOW HITPOINT WARNING * * *
The gnoll hits you but does no damage. You block the centaur's attack.
You closely miss the centaur. You hit the phantom but do no damage.
The centaur closely misses you. The gnoll closely misses you.
The phantom hits you but does no damage.
You block the centaur's attack.
You hit the centaur. You hit the phantom. The centaur hits you.
You die...

..........#
.....<....##
#..........
#.......^.#
#........# ..
.###........##...
.........).......
.........@.......
........cW.g.....
...##.(...#.....
#.......)...
##..........
...........
[##......... ..
#........ .
##...?...


You could see a phantom, a centaur and a gnoll.

Vanquished Creatures
  Pikel (D:5)
  A water moccasin (D:6)
  2 ice beasts
  A phantom (D:6)
  A slave (D:5)
  A necrophage (D:7)
  An ogre (D:7)
  2 centaurs
  A big kobold (D:5)
  4 wights (D:6)
  A crimson imp (D:7)
  A jelly (D:6)
  An orc priest (D:3)
  2 iguanas (D:6)
  An orc wizard (D:4)
  4 worker ants
  A howler monkey skeleton (D:4)
  7 adders
  An ooze (D:2)
  2 adder skeletons (D:5)
  A worm (D:3)
  6 leopard geckos
  12 orcs
  2 giant cockroaches
  7 goblins
  9 hobgoblins
  2 jackals (D:2)
  15 kobolds
  2 quokkas (D:3)
  2 ball pythons
  10 bats
  5 frilled lizards
  A giant cockroach zombie (D:6)
  A quokka skeleton (D:6)
  4 rats
115 creatures vanquished.

Vanquished Creatures (others)
  2 slaves (D:5)
  A sky beast (D:5)
  A hound (D:5)
  A worker ant (D:5)
  A giant cockroach (D:5)
  3 jackals (D:5)
  A quokka (D:5)
10 creatures vanquished.

Grand Total: 125 creatures vanquished

Notes
Turn   | Place    | Note
-------+----------+-------------------------------------------
     0 | D:1      | FluffierThanThou the Hill Orc Fighter began the quest for
                  | the Orb.
     0 | D:1      | Reached XP level 1. HP: 19/19 MP: 1/1
   164 | D:1      | Reached skill level 3 in Axes
   164 | D:1      | Reached XP level 2. HP: 27/27 MP: 2/2
   460 | D:2      | Reached XP level 3. HP: 30/33 MP: 3/3
  1096 | D:2      | Reached XP level 4. HP: 24/40 MP: 4/4
  1400 | D:3      | Reached skill level 4 in Axes
  1400 | D:3      | Reached XP level 5. HP: 31/47 MP: 3/5
  1766 | D:3      | Found a runed translucent gate.
  1767 | D:3      | Found a runed translucent gate.
  1767 | D:3      | Found a runed translucent gate.
  1767 | D:3      | Noticed NeAGen181's ghost (amateur DDNe)
  1767 | D:3      | Noticed Winsalot's ghost (amateur OgTm)
  2594 | D:5      | Entered Level 5 of the Dungeon
  2599 | D:5      | Noticed a slave
  2600 | D:5      | Noticed a slave
  2601 | D:5      | Noticed a slave
  2611 | D:5      | Killed a slave
  2612 | D:5      | Noticed Pikel
  2622 | D:5      | Killed Pikel
  2622 | D:5      | Reached skill level 5 in Fighting
  2622 | D:5      | Reached skill level 5 in Axes
  2622 | D:5      | Reached skill level 5 in Armour
  2622 | D:5      | Reached skill level 5 in Shields
  2622 | D:5      | Reached XP level 6. HP: 16/57 MP: 3/6
  2622 | D:5      | Reached XP level 7. HP: 18/62 MP: 3/7
  2747 | D:5      | Reached skill level 6 in Axes
  3060 | D:5      | Reached XP level 8. HP: 39/70 MP: 4/8
  3403 | D:5      | Found a staircase to the Ecumenical Temple.
  3441 | Temple   | Entered the Ecumenical Temple
  3459 | Temple   | Became a worshipper of Warmaster Okawaru
  3741 | D:6      | Reached skill level 7 in Axes
  4001 | D:6      | Reached * piety under Okawaru
  4029 | D:6      | Found an ornate altar of the Wu Jian Council.
  4332 | D:6      | You fall into a shaft and drop 1 floor!
  4344 | D:7      | Reached XP level 9. HP: 70/79 MP: 6/9
  4353 | D:7      | Reached skill level 8 in Axes
  4354 | D:7      | HP: 4/80 [centaur (1)]
  4356 | D:7      | Slain by a centaur

Levels and vault maps discovered:
D:1:      dpeg_arrival_concentric_ovals, layout_rooms
D:2:      layout_loops_ring, minmay_hexomino_p4
D:3:      layout_loops_ring, gammafunk_ghost_cemetery
D:4:      layout_basic
D:5:      cheibrodos_thug_alley, layout_basic, temple_statues, first_ration,
          uniq_pikel
D:6:      layout_loops_cross, old_standard_altar
D:7:      layout_cave_pools
Temple:   minmay_crystal_snake_temple

Skill      XL: |  1  2  3  4  5  6  7  8  9 |
---------------+----------------------------+-----
Axes           | 3 4 5 6 7 8 |  8.0
Fighting       | 4 5 6 7 |  7.7
Shields        | 4 5 6 7 |  7.1
Armour         | 4 5 6 7 |  7.1

Action                   |  1- 3 |  4- 6 |  7- 9 || total
-------------------------+-------+-------+-------++-------
Melee: War axe           |    99 |   136 |   163 ||   398
  Eat: Chunk             |     1 |     4 |     1 ||     6
       Ration            |       |       |     2 ||     2
Armor: Scale mail        |    52 |    83 |    64 ||   199
Dodge: Dodged            |    32 |    45 |    60 ||   137
Block: Shield            |    50 |    73 |    95 ||   218
